 Dungeon Crawl Stone Soup version 0.28-a0-819-g6ef7baa362 (webtiles) character file.

Game seed: 1907727698570010119

320 gimp the Skirmisher (level 6, 0/40 HPs)
             Began as a Tengu Wanderer on Nov 8, 2021.
             Slain by an iguana (10 damage)
             ... on level 4 of the Dungeon.
             The game lasted 00:09:28 (5415 turns).

gimp the Skirmisher (Tengu Wanderer)                Turns: 5415, Time: 00:09:28

Health: 0/40       AC:  5    Str: 12    XL:     6   Next: 46%
Magic:  9/9        EV: 14    Int: 13    God:
Gold:   80         SH:  5    Dex: 15    Spells: 4/8 levels left

rFire   . . .      SeeInvis .   a - +0 dagger
rCold   . . .      Faith    .   m - +0 buckler
rNeg    + . .      Spirit   .   c - +2 leather armour
rPois   .          Reflect  .   (helmet restricted)
rElec   .          Harm     .   (no cloak)
rCorr   .          Rampage  .   (no gloves)
Will    .....                   (boots unavailable)
Stlth   +.........              (no amulet)
HPRegen 0.13/turn               d - ring of positive energy
MPRegen 0.11/turn               (no ring)

@: flying quickly and evasively, quick
A: beak, talons 3, nimble flight
a: no special abilities


You were on level 4 of the Dungeon.
You visited 1 branch of the dungeon, and saw 6 of its levels.

You collected 168 gold pieces.
You spent 88 gold pieces at shops.

Inventory:

Hand Weapons
 a - a +0 dagger (weapon)
 b - a +0 flail
Missiles
 t - a throwing net (quivered)
Armour
 c - a +2 leather armour (worn)
 f - a +0 ring mail
 m - a +0 buckler (worn)
Magical Staves
 n - a staff of conjuration
Jewellery
 d - a ring of positive energy (left hand)
 s - a ring of ice
Scrolls
 g - a scroll of identify {unknown}
 j - a scroll of magic mapping {unknown}
 l - a scroll of immolation {unknown}
 o - 2 scrolls of vulnerability {unknown}
 q - a scroll of noise {unknown}
 r - a scroll of teleportation {unknown}
Potions
 e - 2 potions of magic {unknown}
 h - 3 potions of heal wounds
 i - 2 potions of degeneration {unknown}
 k - 3 potions of curing
 p - 2 potions of might {unknown}


   Skills:
 - Level 5.0 Fighting
 - Level 1.0 Throwing
 + Level 0.6 Armour
 + Level 2.1 Dodging
 - Level 4.0 Shields
 - Level 1.1 Unarmed Combat
 * Level 1.9 Spellcasting
 - Level 1.3 Hexes


You had 4 spell levels left.
You knew the following spells:

 Your Spells              Type           Power      Damage    Failure   Level
a - Shock                 Conj/Air       4%         1d3       32%         1
b - Swiftness             Air            1%         N/A       69%         3

Your spell library contained the following spells:

 Spells                   Type           Power      Damage    Failure   Level
 Passwall                 Tmut/Erth      0%         N/A       45%         2
 Invisibility             Hex            2%         N/A       100%        6


Dungeon Overview and Level Annotations

Branches:
Dungeon (6/15)
 Temple: D:4-7

Altars:
Gozag
Trog

Shops:
D:2 :!(

Annotations:
D:4 Eustachio


Innate Abilities, Weirdness & Mutations

You have a beak for a mouth.
You have claws for feet.
Your magical nature lets you fly swiftly and evasively.


Message History

You hit the iguana but do no damage. You claw the iguana, but do no damage.
The iguana bites you.
You take 6 damage, and have 34/40 hp.
You barely miss the iguana. The iguana misses you.
You closely miss the iguana. The iguana bites you.
You take 4 damage, and have 30/40 hp.
You hit the iguana. You claw the iguana. You peck the iguana, but do no damage.
The iguana is moderately wounded.
The iguana bites you but does no damage.
You hit the iguana. You claw the iguana, but do no damage.
The iguana is heavily wounded.
The iguana closely misses you.
You hit the iguana but do no damage. You claw the iguana.
The iguana is heavily wounded.
You block the iguana's attack.
You hit the iguana but do no damage.
The iguana is heavily wounded.
The iguana bites you!
You take 10 damage, and have 21/40 hp.
MASSIVE DAMAGE!!
You hit the iguana but do no damage. Your kick misses the iguana.
The iguana is heavily wounded.
The iguana barely misses you.
You closely miss the iguana. You claw the iguana, but do no damage.
The iguana is heavily wounded.
The iguana barely misses you.
You closely miss the iguana. You claw the iguana.
The iguana is almost dead.
The iguana closely misses you.
You hit the iguana but do no damage. You claw the iguana, but do no damage.
The iguana is almost dead.
The iguana bites you!
* * * LOW HITPOINT WARNING * * *
You take 11 damage, and have 10/40 hp.
MASSIVE DAMAGE!!
You are too injured to fight recklessly!
You are too injured to fight recklessly!
You are too injured to fight recklessly!
You closely miss the iguana.
The iguana is almost dead.
The iguana bites you!
You die...

.......#.# ..(.?..#.#
.......#.# #......#.#
########.#
.........##### #
.#########...###########
.#.# #.##............
...######.##.[..@l......
##.....#..##............
###.#.#.###############
#.#.#.# #.# #.#.#.# #.#
#.#.#.# #.# #.#(#.# #.#
#.#.#.# #.# ####.#.#.#
#.#


You could see an iguana.

Vanquished Creatures
  A water moccasin skeleton (D:5)
  A howler monkey (D:4)
  An orc priest (D:3)
  An iguana (D:3)
  An orc wizard (D:3)
  3 gnolls
  5 adders
  2 worms
  2 dart slugs (D:2)
  3 orcs (D:2)
  4 bats
  3 endoplasms
  4 giant cockroaches
  8 hobgoblins
  4 jackals (D:2)
  A quokka (D:2)
  6 ball pythons
  3 frilled lizards
  9 goblins
  5 kobolds
  3 rats
70 creatures vanquished.

Notes
Turn   | Place    | Note
-------+----------+-------------------------------------------
     0 | D:1      | gimp the Tengu Wanderer began the quest for the Orb.
     0 | D:1      | gimp set off with the following items: a +0 dagger, a +0
                  | buckler, a +2 leather armour; and the following spell
                  | memorised: Shock; and the following spells available to
                  | memorise: Swiftness
     0 | D:1      | Reached XP level 1. HP: 14/14 MP: 3/3
   257 | D:1      | Reached XP level 2. HP: 19/19 MP: 4/4
   998 | D:2      | Reached XP level 3. HP: 23/24 MP: 5/5
  1195 | D:2      | Found Safora's Distillery.
  1210 | D:2      | Reached skill level 4 in Fighting
  1225 | D:2      | Bought a potion of heal wounds for 55 gold pieces
  1279 | D:2      | Found Lorr's Book Emporium.
  1395 | D:2      | Reached XP level 4. HP: 29/29 MP: 6/6
  1616 | D:2      | Bought a potion of curing for 33 gold pieces
  1686 | D:2      | Found Uckaerr's Antique Weapon Emporium.
  2516 | D:3      | Learned a level 3 spell: Swiftness
  2575 | D:3      | Found a faded altar of an unknown god.
  2820 | D:3      | Gained mutation: Your magical nature lets you fly swiftly
                  | and evasively. [Tengu growth]
  2820 | D:3      | Reached XP level 5. HP: 24/34 MP: 7/7
  2946 | D:3      | You are sucked into a shaft and drop 3 floors!
  2946 | D:6      | Noticed a wraith
  2949 | D:6      | Found a bloodstained altar of Trog.
  2965 | D:5      | Entered Level 5 of the Dungeon
  3270 | D:5      | Reached skill level 5 in Fighting
  3441 | D:5      | Noticed an ogre
  3584 | D:4      | Found an opulent altar of Gozag.
  3585 | D:4      | Noticed Eustachio
  3916 | D:3      | Reached XP level 6. HP: 25/40 MP: 8/8
  5415 | D:4      | Slain by an iguana

Illustrated notes

Levels and vault maps discovered:
D:1:      mushboom_english_gardens, layout_basic,
          chequers_serial_rivers_micro_a, minmay_pentomino_o4
D:2:      cheibrodos_greedy_goblins, layout_basic, serial_shops, shop, shop,
          nicolae_lakefront_shop
D:3:      layout_basic, ebering_ecumenical_altar_mist, minmay_cupped
D:4:      layout_basic, grunt_gozag_statues, serial_co_window_serial,
          co_window_paths_a, co_window_of_opportunity_a, co_window_corner_a,
          co_window_paths_b, co_window_paths_b, co_window_of_opportunity_a,
          co_window_broadway_b, co_window_2corner, co_window_broadway_c,
          co_window_corner_cb, co_window_sun, co_window_paths_d,
          glass_columns_a, glass_columns_a, glass_columns_a, glass_columns_a,
          glass_columns_a, uniq_eustachio
D:5:      layout_loops_corners, mainiacjoe_overflow_boulevard,
          nicolae_shop_firing_range, uniq_crazy_yiuf_cottage
D:6:      layout_loops_ring, nicolae_overflow_hidden_temple,
          nicolae_qazlal_scattered_showers, minmay_temple_entry_proselytizer,
          wad_floor_pattern_untrapped

Skill      XL: |  1  2  3  4  5  6 |
---------------+-------------------+-----
Fighting       | 4 5 |  5.0
Shields        | 2 3 4 |  4.0
Dodging        | 2 |  2.1
Throwing       | |  1.0
Armour         | |  0.6
Unarmed Combat | |  1.1
Spellcasting   | |  1.9
Hexes          | |  1.3

Action                   |  1- 3 |  4- 6 || total
-------------------------+-------+-------++-------
Melee: Dagger            |   104 |   224 ||   328
       Kick              |    23 |    76 ||    99
       Peck              |    15 |    36 ||    51
Throw: Throwing net      |       |     2 ||     2
 Stab: Sleeping          |     1 |       ||     1
       Held in net/web   |       |     1 ||     1
Armor: Leather armour    |    37 |    55 ||    92
Dodge: Dodged            |    48 |   125 ||   173
Block: Buckler           |    21 |    55 ||    76

Table legend: (Time is in decaauts)
 A = Elapsed time spent in this place.
 B = Non-inter-level travel time spent in this place.
 C = Inter-level travel time spent in this place.
 D = Time resting spent in this place.
 E = Time spent auto-exploring this place.
 F = Levels seen in this place.
 G = Mean time per level.
                   A        B        C        D        E       F      G
               +--------+--------+--------+--------+--------+-----+--------+
         Total |   5324 |   5217 |    107 |    762 |   3505 |   6 |  887.3 |
       Dungeon |   5324 |   5217 |    107 |    762 |   3505 |   6 |  887.3 |
               +--------+--------+--------+--------+--------+-----+--------+

Top non-repeatable levels by time:
     D:3: 1777 daAuts
     D:2: 1705 daAuts
     D:1: 824 daAuts
     D:4: 524 daAuts
     D:5: 475 daAuts
     D:6: 17 daAuts
